 Dungeon Crawl Stone Soup version coffee-0.2.0 (webtiles) character file.

Game seed: 4867338384417323273, levelgen mode: deterministic

293825 Dorkslayer the Carver (level 13, 87/96 HPs)
             Began as a Demonspawn Fighter on Oct 8, 2020.
             Was the Champion of Okawaru.
             Escaped with the Orb!
             The game lasted 00:45:42 (8814 turns).

Dorkslayer the Carver (Demonspawn Fighter)          Turns: 8814, Time: 00:45:42

Health: 87/96      AC: 29    Str: 28    XL:     13   Next: 71%
Magic:  20/20      EV: 11    Int: 15    God:    Okawaru [******]
Gold:   413        SH: 26    Dex: 24    Spells: 12/12 levels left

rFire    + + .     SeeInvis .   w - +5 demon blade (flame)
rCold    + . .     Gourm    .   H - +6 tower shield
rNeg     . . .     Faith    +   x - +4 plate armour {rC+}
rPois    +         Spirit   .   F - +2 helmet "Loegaqall" {rF+ Int-3 Dex+7}
rElec    .         Reflect  .   E - +1 cloak {rPois}
rCorr    .         Harm     .   o - +0 pair of gloves
MR       +....     Rnd*Tele +   (boots unavailable)
Stlth    ..........             e - amulet of Sourih {Faith MR+ Int+6 Slay+2}
HPRegen  0.26/turn              n - ring of Conformity {*Tele Str+7}
MPRegen  0.17/turn              b - +4 ring of dexterity

@: no status effects
A: hooves 3, iridescent scales 2, clever 1, fire resistance 1, foul stench 1,
powered by death 1, rot immunity
0: Orb of Zot
a: Heroism, Finesse, Renounce Religion


You were in the Realm of Zot.
You worshipped Okawaru.
Okawaru was exalted by your worship.
You were not hungry.

You visited 3 branches of the dungeon, and saw 12 of its levels.

You collected 989 gold pieces.
You spent 576 gold pieces at shops.

Inventory:

Hand Weapons
 a - a +1 vorpal demon blade
 w - a +5 demon blade of flaming (weapon)
Missiles
 l - 22 boomerangs
 t - a throwing net
 C - 4 silver javelins
 D - 22 javelins (quivered)
Armour
 o - a +0 pair of gloves (worn)
 x - a +4 plate armour of cold resistance (worn)
 E - a +1 cloak of poison resistance (worn)
 F - the +2 helmet "Loegaqall" (worn) {rF+ Int-3 Dex+7}
   (You bought it in a shop on level 10 of the Dungeon)

   It affects your intelligence (-3).
   It affects your dexterity (+7).
   It protects you from fire.
 H - a +6 tower shield (worn)
Jewellery
 b - a +4 ring of dexterity (right hand)
 e - the amulet of Sourih (around neck) {Faith MR+ Int+6 Slay+2}
   (You acquired it on level 1 of the Dungeon)

   [amulet of faith]

   It allows you to gain divine favour quickly.
   It affects your intelligence (+6).
   It affects your accuracy and damage with ranged weapons and melee attacks
   (+2).
   It affects your resistance to hostile enchantments.
 n - the ring of Conformity (left hand) {*Tele Str+7}
   (You found it on level 1 of the Dungeon)

   [ring of teleportation]

   It may teleport you next to monsters.
   It affects your strength (+7).
Wands
 s - a wand of flame (15)
Scrolls
 h - 5 scrolls of amnesia
 i - 2 scrolls of silence
 k - a scroll of fog
 m - 3 scrolls of remove curse
 v - a scroll of fear
 y - a scroll of immolation
 z - 2 scrolls of teleportation
 A - a scroll of brand weapon
 B - 2 scrolls of blinking
Potions
 d - a potion of might
 j - a potion of flight
 p - 6 potions of curing
 r - a potion of stabbing
 u - 3 potions of mutation
 G - 2 potions of heal wounds
Comestibles
 f - 20 rations
 g - a chunk of flesh


   Skills:
 + Level 7.4(10.4) Fighting
 * Level 13.7 Long Blades
 + Level 7.6 Throwing
 + Level 6.6(9.5) Armour
 + Level 2.9(8.4) Dodging
 * Level 7.6(9.9) Shields
 * Level 10.0(11.8) Invocations
 * Level 8.1(9.5) Evocations


You had 12 spell levels left.
You didn't know any spells.
Your spell library contained the following spells:

 Spells                   Type           Power        Failure   Level  Hunger
 Beastly Appendage        Tmut           #.....       100%        1    None
 Magic Dart               Conj           #...         100%        1    None
 Blink                    Tloc           N/A          100%        2    None
 Call Imp                 Summ           #.......     100%        2    None
 Slow                     Hex            #.......     100%        2    None
 Sticks to Snakes         Tmut           #.......     100%        2    None
 Confusing Touch          Hex            #.......     100%        3    ##.....
 Conjure Flame            Conj/Fire      #.......     100%        3    ##.....
 Gell's Gravitas          Tloc           #.........   100%        3    ##.....
 Mephitic Cloud           Conj/Pois/Air  #.......     100%        3    ##.....
 Spider Form              Tmut/Pois      #.........   100%        3    ##.....
 Ice Form                 Ice/Tmut       ###.....     100%        4    ####...
 Petrify                  Tmut/Erth      #.......     100%        4    ####...
 Blade Hands              Tmut           #.........   100%        5    #####..
 Metabolic Englaciation   Hex/Ice        ###.......   100%        5    #####..
 Yara's Violent Unravell  Hex/Tmut       #.........   100%        5    #####..


Dungeon Overview and Level Annotations

Branches:
Dungeon (10/10)            Temple (1/1) D:2             Zot (1/1) D:10

Altars:
Ashenzari
Cheibriados
Dithmenos
Elyvilon
Fedhas
Gozag
Hepliaklqana
Kikubaaqudgha
Makhleb
Nemelex Xobeh
Okawaru
Qazlal
Ru
Sif Muna
Trog
Uskayaw
Vehumet
Wu Jian
Xom
Yredelemnul
Zin
The Shining One

Shops:
D:4 *   D:10 *=%(:


Innate Abilities, Weirdness & Mutations

You have hooves in place of feet.
You are mostly covered in iridescent scales. (AC +4)
You may emit foul miasma when damaged in melee.
You regenerate a little health from kills.
You are immune to rotting.
Your mind is acute. (Int +2)
Your flesh is heat resistant. (rF+)


Message History

You kick the black draconian, but do no damage.
The black draconian is moderately wounded.
You block the black draconian's attack.
You hit the black draconian but do no damage.
You kick the black draconian.
The black draconian is heavily wounded.
You block the black draconian's attack.
You hit the black draconian. You burn the black draconian.
Your kick misses the black draconian.
The black draconian is severely wounded.
You block the black draconian's attack.
You slash the black draconian! You burn the black draconian.
You kill the black draconian!
Okawaru accepts your kill.
Your base Invocations skill increases to level 10!
Some of the chunks of flesh in your inventory have rotted away.
You see here a +0 short sword.
The Killer Klown shouts!
There is a gate leading back out of this place here.
You have escaped!

##.#.#.#..####.....##....
####...(....#
###...##....
#....###...## #...##....
#....# #### ##..######
#...)##### ####..######
####)#...# #.........⌠.
#)#...# #...........
##.#...##########..######
#.).....@....p...........
#.)......................
#.......................)
#####...#####...#...#...#
##### #⌠......#####
##.......####
#...#.......
################
▓▓▓########.
##..............##
#......(.


You could see a Killer Klown.

Vanquished Creatures
  3 orbs of fire (Zot)
  Harold (D:7)
  A two-headed ogre (D:7)
  2 death cobs (Zot)
  The ghost of Dorkslayer the Carver, a novice HuFi of Okawaru (D:7)
  A tentacled monstrosity (Zot)
  25 Orb Guardians (Zot)
  A draconian monk (D:10)
  A Killer Klown (Zot)
  5 ancient liches (Zot)
  A shadow dragon (D:10)
  2 draconian stormcallers (Zot)
  A draconian knight (Zot)
  2 draconian scorchers (D:10)
  A hydra (D:10)
  An ugly thing (D:10)
  2 draconian annihilators (Zot)
  An ice dragon (D:10)
  2 black draconians (Zot)
  A white draconian (Zot)
  A fire dragon (D:10)
  2 green draconians (Zot)
  A gargoyle (D:10)
  2 purple draconians (Zot)
  2 yellow draconians (D:10)
  2 red draconians (D:10)
  A troll (D:10)
  2 hippogriffs
  12 moths of wrath
  Sigmund (D:6)
  2 vampires (D:10)
  A wyvern (D:8)
  9 yaks (D:10)
  A hungry ghost (D:8)
  A water moccasin (D:10)
  2 orc warriors (D:8)
  2 ice beasts
  3 sky beasts
  3 ogres
  4 phantoms
  3 centaurs
  A crocodile (D:7)
  7 bullfrogs
  A water moccasin zombie (D:6)
  A scorpion (D:7)
  9 wights
  A howler monkey (D:4)
  2 centaur zombies
  4 bullfrog zombies
  3 orc priests
  3 bullfrog skeletons
  2 jellies
  2 centaur skeletons
  2 hounds
  4 orc wizards
  2 worker ants
  A hound skeleton (D:5)
  A worker ant zombie (D:5)
  2 gnolls (D:4)
  8 adders
  7 shadow imps
  4 worms
  3 dart slugs
  4 leopard geckos
  38 orcs
  2 ball pythons
  8 giant cockroaches
  13 goblins
  7 hobgoblins
  4 jackals (D:1)
  13 kobolds
  5 quokkas
  5 bats
  4 frilled lizards
  6 rats
291 creatures vanquished.

Notes
Turn   | Place    | Note
-------+----------+-------------------------------------------
     0 | D:1      | Dorkslayer the Demonspawn Fighter began the quest for the
                  | Orb.
     0 | D:1      | Reached XP level 1. HP: 18/18 MP: 1/1
   112 | D:1      | Gained mutation: You have large cloven feet. [demonic
                  | ancestry]
   112 | D:1      | Reached XP level 2. HP: 22/24 MP: 2/2
   115 | D:1      | Reached skill level 2 in Long Blades
   189 | D:1      | Identified the amulet of Sourih {Faith MR+ Int+6 Slay+2}
                  | (You acquired it on level 1 of the Dungeon)
   886 | D:1      | Got the ring of Conformity {*Tele Str+7}
  1130 | D:2      | Found a staircase to the Ecumenical Temple.
  1131 | D:2      | Gained mutation: You are partially covered in iridescent
                  | scales. (AC +2) [demonic ancestry]
  1131 | D:2      | Reached XP level 3. HP: 29/29 MP: 3/3
  1139 | Temple   | Entered the Ecumenical Temple
  1726 | D:2      | Gained mutation: You are mostly covered in iridescent
                  | scales. (AC +4) [demonic ancestry]
  1726 | D:2      | Reached XP level 4. HP: 35/35 MP: 4/4
  1748 | D:2      | Reached skill level 3 in Long Blades
  2107 | D:3      | Gained mutation: You have hoof-like feet. [demonic
                  | ancestry]
  2107 | D:3      | Reached XP level 5. HP: 41/41 MP: 5/5
  2922 | D:4      | Found a sacrificial altar of Ru.
  3061 | D:4      | Reached skill level 4 in Long Blades
  3061 | D:4      | Reached skill level 1 in Throwing
  3159 | D:4      | Noticed a phantom
  3166 | D:4      | Killed a phantom
  3166 | D:4      | Reached XP level 6. HP: 46/47 MP: 6/6
  3182 | D:4      | Found an iron altar of Okawaru.
  3206 | D:4      | Became a worshipper of Warmaster Okawaru
  3274 | D:5      | Entered Level 5 of the Dungeon
  3301 | D:4      | Found Epsileli's Lightly-Used Armoury.
  3351 | D:4      | Reached skill level 1 in Dodging
  3522 | D:4      | Identified the -2 pair of boots of Mezcal {*Drain +Blink
                  | rC+++ rCorr} (You acquired it on level 4 of the Dungeon)
  3616 | D:4      | Found an iron altar of Okawaru.
  3919 | D:5      | Reached skill level 5 in Long Blades
  4039 | D:5      | Gained mutation: You are immune to rotting. [demonic
                  | ancestry]
  4039 | D:5      | Reached XP level 7. HP: 53/53 MP: 7/7
  4110 | D:5      | Reached * piety under Okawaru
  4140 | D:5      | Found an opulent altar of Gozag.
  4145 | D:5      | Found a bloodstained altar of Trog.
  4150 | D:5      | Found a shimmering altar of Xom.
  4481 | D:5      | Reached skill level 6 in Long Blades
  4671 | D:6      | Noticed Sigmund
  4679 | D:6      | Reached ** piety under Okawaru
  4679 | D:6      | Reached XP level 8. HP: 20/60 MP: 5/8
  4725 | D:6      | Killed Sigmund
  4725 | D:6      | Reached skill level 1 in Invocations
  4797 | D:6      | Reached skill level 1 in Evocations
  4811 | D:6      | Reached skill level 7 in Long Blades
  5404 | D:7      | Reached *** piety under Okawaru
  5506 | D:7      | Gained mutation: You may emit foul miasma when damaged in
                  | melee. [demonic ancestry]
  5506 | D:7      | Reached XP level 9. HP: 66/66 MP: 11/11
  5524 | D:7      | Noticed a two-headed ogre
  5538 | D:7      | Killed a two-headed ogre
  5538 | D:7      | Reached **** piety under Okawaru
  5538 | D:7      | Reached skill level 8 in Long Blades
  5625 | D:7      | Noticed Harold
  5641 | D:7      | Killed Harold
  5641 | D:7      | Reached skill level 9 in Long Blades
  5733 | D:7      | Found a transporter.
  5794 | D:7      | Reached ***** piety under Okawaru
  5904 | D:7      | Found a transporter.
  5907 | D:7      | Noticed Dorkslayer's ghost (novice HuFi)
  5927 | D:7      | Killed Dorkslayer's ghost
  5927 | D:7      | Received a gift from Okawaru
  5927 | D:7      | Reached skill level 5 in Invocations
  5927 | D:7      | Gained mutation: You regenerate a little health from kills.
                  | [demonic ancestry]
  5927 | D:7      | Reached XP level 10. HP: 56/73 MP: 5/13
  5936 | D:7      | Reached skill level 5 in Armour
  5939 | D:7      | Reached skill level 5 in Fighting
  6007 | D:8      | Found a hide-covered altar of Uskayaw.
  6008 | D:8      | Noticed a +0 dagger
  6010 | D:8      | Noticed a +0 hand axe
  6091 | D:8      | Received a gift from Okawaru
  6467 | D:9      | Received a gift from Okawaru
  6553 | D:9      | Reached skill level 10 in Long Blades
  6853 | D:10     | Entered Level 10 of the Dungeon
  6859 | D:10     | Noticed a gargoyle
  6873 | D:10     | Received a gift from Okawaru
  6879 | D:10     | Killed a gargoyle
  6919 | D:10     | Found Xiles's Food Shop.
  6942 | D:10     | Noticed a fire dragon
  6942 | D:10     | Noticed a five-headed hydra
  6943 | D:10     | Noticed a purple draconian scorcher
  6945 | D:10     | Noticed a black draconian scorcher
  7069 | D:10     | Killed a fire dragon
  7073 | D:10     | Gained mutation: You have hooves in place of feet. [demonic
                  | ancestry]
  7073 | D:10     | Reached XP level 11. HP: 80/80 MP: 12/15
  7076 | D:10     | Noticed a shadow dragon
  7083 | D:10     | Killed a shadow dragon
  7083 | D:10     | Reached skill level 5 in Shields
  7094 | D:10     | Reached skill level 11 in Long Blades
  7096 | D:10     | Reached skill level 5 in Evocations
  7099 | D:10     | Reached ****** piety under Okawaru
  7099 | D:10     | Reached skill level 5 in Throwing
  7242 | D:10     | Killed a two-headed hydra
  7312 | D:10     | Noticed a cyan ugly thing
  7329 | D:10     | Killed a cyan ugly thing
  7560 | D:10     | Found Cyl Pemm's General Store.
  7565 | D:10     | Bought the +2 helmet "Loegaqall" {rF+ Int-3 Dex+7} for 479
                  | gold pieces
  7565 | D:10     | Bought a scroll of enchant armour for 97 gold pieces
  7573 | D:10     | Found Puilapun's Book Shoppe.
  7578 | D:10     | Found Jiqoopp's Weapon Shoppe.
  7680 | D:10     | Found Suopi's Jewellery Emporium.
  7829 | D:10     | Noticed a yellow draconian monk
  7833 | D:10     | Received a gift from Okawaru
  7837 | D:10     | Killed a yellow draconian monk
  7837 | D:10     | Received a gift from Okawaru
  7840 | D:10     | Found a gate to the Realm of Zot.
  7846 | D:10     | Killed a black draconian scorcher
  7856 | D:10     | Killed a purple draconian scorcher
  7904 | D:10     | Gained mutation: Your mind is acute. (Int +2) [potion of
                  | mutation]
  7904 | D:10     | Gained mutation: Your flesh is heat resistant. (rF+)
                  | [potion of mutation]
  7930 | Zot      | Entered the Realm of Zot
  7945 | Zot      | Received a gift from Okawaru
  7946 | Zot      | Noticed an Orb Guardian
  7951 | Zot      | Noticed an Orb Guardian
  7952 | Zot      | Noticed an Orb Guardian
  7954 | Zot      | Noticed an Orb Guardian
  7954 | Zot      | Noticed an Orb Guardian
  7956 | Zot      | Killed an Orb Guardian
  7959 | Zot      | Killed an Orb Guardian
  7959 | Zot      | Reached skill level 12 in Long Blades
  7960 | Zot      | Noticed an Orb Guardian
  7960 | Zot      | Noticed an Orb Guardian
  7963 | Zot      | Killed an Orb Guardian
  7963 | Zot      | Reached XP level 12. HP: 88/88 MP: 17/17
  7972 | Zot      | Received a gift from Okawaru
  7976 | Zot      | Noticed an orb of fire
  7994 | Zot      | Killed an orb of fire
  8103 | Zot      | Received a gift from Okawaru
  8195 | Zot      | Noticed an ancient lich
  8195 | Zot      | Noticed an ancient lich
  8195 | Zot      | Noticed an orb of fire
  8196 | Zot      | Noticed an ancient lich
  8202 | Zot      | Killed an orb of fire
  8206 | Zot      | Killed an ancient lich
  8206 | Zot      | Reached skill level 13 in Long Blades
  8210 | Zot      | Killed an ancient lich
  8214 | Zot      | Received a gift from Okawaru
  8220 | Zot      | Killed an ancient lich
  8220 | Zot      | Reached XP level 13. HP: 81/96 MP: 13/19
  8549 | Zot      | Received a gift from Okawaru
  8552 | Zot      | Noticed an ancient lich
  8553 | Zot      | Received a gift from Okawaru
  8557 | Zot      | Killed an ancient lich
  8561 | Zot      | Noticed an orb of fire
  8565 | Zot      | Killed an orb of fire
  8565 | Zot      | Noticed an ancient lich
  8568 | Zot      | Killed an ancient lich
  8568 | Zot      | Received a gift from Okawaru
  8736 | Zot      | Got the Orb of Zot
  8792 | Zot      | Reached skill level 10 in Invocations
  8814 | Zot      | Escaped with the Orb!

Levels and vault maps discovered:
D:1:      ncdulo_lavacross, layout_basic, chequers_serial_rivers_micro_c,
          minivault_5
D:2:      layout_basic, minmay_temple_entry_waves
D:3:      layout_basic, first_ration, dk_vineyard_1
D:4:      layout_cave_pods, kennysheep_little_box, kennysheep_mini_moat,
          minmay_shop_damaged, okawaru_altar_gauntlet_db
D:5:      layout_layer_cave, minmay_overflow_temple_star_quad
D:6:      layout_basic, uniq_sigmund
D:7:      layout_gridville, gammafunk_ghost_berserking_beasts, uniq_harold
D:8:      layout_rooms, dancing_weapons_uskayaw
D:9:      layout_rooms, grunt_ministairs_2
D:10:     evilmike_zot_entry_round, layout_loops_ring, serial_shops, shop, shop,
          shop, shop, nicolae_shop_trees
Temple:   eino_temple_scatter_basement
Zot:      layout_misc_corridors, st_stairs_8

Skill      XL: |  1  2  3  4  5  6  7  8  9 10 11 12 13 |
---------------+----------------------------------------+-----
Long Blades    | 2 3 4 5 6 7 9 10 12 13 | 13.7
Armour         | 3 4 5 6 |  6.6
Shields        | 3 4 5 6 7 |  7.6
Throwing       | 1 2 3 4 5 6 7 |  7.6
Dodging        | 1 2 |  2.9
Fighting       | 4 5 6 7 |  7.4
Invocations    | 3 5 6 7 9 10 | 10.0
Evocations     | 2 3 4 6 7 8 |  8.1

Action                   |  1- 3 |  4- 6 |  7- 9 | 10-12 | 13-15 || total
-------------------------+-------+-------+-------+-------+-------++-------
Melee: Long sword        |    62 |       |       |       |       ||    62
       Kick              |    18 |    38 |    75 |   113 |    26 ||   270
       Scimitar          |    28 |    66 |       |       |       ||    94
       Demon blade       |       |    54 |   160 |   234 |    47 ||   495
Throw: Boomerang         |     6 |     7 |    13 |    13 |     1 ||    40
       Throwing net      |       |       |       |     1 |       ||     1
       Javelin           |       |       |       |    11 |    15 ||    26
Invok: Heroism           |       |       |     2 |     4 |       ||     6
       Finesse           |       |       |     1 |     2 |       ||     3
  Use: Scroll            |     1 |     2 |     2 |     8 |     4 ||    17
       Potion            |       |       |     2 |     7 |       ||     9
 Stab: Held in net/web   |       |       |       |     1 |       ||     1
  Eat: Chunk             |     3 |     7 |     3 |     8 |     2 ||    23
       Ration            |       |       |     1 |       |       ||     1
Armor: Scale mail        |    38 |    46 |       |       |       ||    84
       Chain mail        |       |     2 |    54 |    12 |       ||    68
       Plate armour      |       |       |       |    89 |    29 ||   118
Dodge: Dodged            |    20 |    45 |    27 |    62 |    19 ||   173
Block: Kite shield       |    53 |    73 |    71 |   130 |    37 ||   364
       Tower shield      |       |       |       |       |     4 ||     4
       Rpst.: Long sword |     5 |       |       |       |       ||     5
       Scimitar          |       |     7 |       |       |       ||     7
       Demon blade       |       |     6 |     8 |    12 |     2 ||    28
